 Dungeon Crawl Stone Soup version 0.23.0-2-g0fe3ce5 (console) character file.

Game seed: 5948972260932515550

364 bli the Cudgeler (level 7, -2/55 HPs)
             Began as a Formicid Abyssal Knight on Feb 19, 2019.
             Was a Believer of Lugonu.
             Slain by an orc
             ... wielding a +0 trident
              (4 damage)
             ... on level 4 of the Dungeon.
             The game lasted 00:09:50 (3074 turns).

bli the Cudgeler (Formicid Abyssal Knight)          Turns: 3074, Time: 00:09:51

Health: -2/55      AC:  5    Str: 17    XL:     7   Next: 0%
Magic:  8/8        EV: 11    Int: 10    God:    Lugonu [**....]
Gold:   163        SH:  0    Dex: 11    Spells: 6/6 levels left

rFire    + . .     SeeInvis +   a - +1 whip (elec)
rCold    . . .     Gourm    .   (no shield)
rNeg     . . .     Faith    .   m - +2 leather armour {rF+}
rPois    .         Spirit   .   (helmet unavailable)
rElec    .         Reflect  .   (no cloak)
rCorr    .         Harm     .   (no gloves)
MR       .....                  (no boots)
Stlth    +.........             (no amulet)
HPRegen  0.18/turn              (no ring)
MPRegen  0.11/turn              (no ring)

@: no status effects
A: permanent stasis, dig shafts and tunnels, four strong arms, antennae 3, dopey
1
a: Dig, Shaft Self, Depart the Abyss, Bend Space, Renounce Religion


You were on level 4 of the Dungeon.
You worshipped Lugonu.
Lugonu was pleased with you.
You were not hungry.

You visited 1 branch of the dungeon, and saw 4 of its levels.
You visited the Abyss 1 time.

You collected 163 gold pieces.

Inventory:

Hand Weapons
 a - a +1 whip of electrocution (weapon)
 b - a +1 mace
Missiles
 g - 114 stones (quivered)
 s - 36 poisoned needles
 x - 2 tomahawks
Armour
 d - a +0 ring mail
 j - a +0 scale mail
 l - a +2 robe of magic resistance
 m - a +2 leather armour of fire resistance (worn)
 t - a cursed +0 robe
 y - a +0 leather armour
Wands
 f - a wand of enslavement (8)
 z - a wand of scattershot (6)
Scrolls
 e - a scroll of amnesia
 h - 3 scrolls of identify
 i - a scroll of immolation {unknown}
 k - a scroll of noise {unknown}
 n - a scroll of remove curse
 p - 2 scrolls of enchant weapon
 q - 2 scrolls of teleportation {unknown}
 u - a scroll of random uselessness {unknown}
Potions
 o - 4 potions of curing {unknown}
 v - a potion of berserk rage {unknown}
 w - 2 potions of haste {unknown}
Comestibles
 c - 8 rations


   Skills:
 + Level 4.6 Fighting
 * Level 5.6 Maces & Flails
 + Level 3.0 Armour
 + Level 1.0 Dodging
 + Level 1.0 Stealth
 + Level 2.2 Invocations


You had 6 spell levels left.
You didn't know any spells.
Your spell library was empty.

Dungeon Overview and Level Annotations

Branches:
Dungeon (4/15)
 Temple: D:4-7

Altars:


Innate Abilities, Weirdness & Mutations

You cannot be hasted, slowed, berserked, paralysed or teleported.
You can dig through walls and to a lower floor.
Your four strong arms can wield two-handed weapons with a shield.
You have a pair of large antennae on your head. (SInv)
You are dopey. (Int -2)


Message History

The orc wizard casts a spell at you. You resist with some effort.
The orc closely misses you.
You hit the orc wizard but do no damage.
The orc wizard is heavily wounded.
The orc wizard hits you but does no damage.
The orc hits you from afar with a +0 trident.
* * * LOW HITPOINT WARNING * * *
You hit the orc wizard.
The orc wizard is almost dead.
The orc wizard hits you but does no damage.
The orc misses you.
You whack the orc wizard!
You kill the orc wizard!
Lugonu accepts your kill.
You hit the orc. Lightning courses through the orc!
You kill the orc!
Lugonu accepts your kill.
You have reached level 7!
The orc hits you from afar with a +0 trident.
You die...

#.#....#.#.......#
#......#.#.......#
###.##.#.#.......#
#.##<#.#)......#
#.####.#.##+####
#.....(.....#
######...####
#...# #...#
#(..#######
#..@#{....#
......##)o....#
......##o.....#
.<.......###.##
......#### # .....
.###


You could see 2 orcs.

Vanquished Creatures
  Sigmund (D:4)
  A hound (D:4)
  An iguana (D:4)
  An orc wizard (D:4)
  A worker ant (D:4)
  3 adders (D:3)
  2 oozes
  A worm (D:3)
  2 dart slugs (D:2)
  2 leopard geckos (D:3)
  5 orcs
  6 bats
  2 giant cockroaches (D:2)
  10 goblins
  6 hobgoblins
  3 jackals (D:3)
  9 kobolds
  2 ball pythons
  3 frilled lizards
  10 rats
71 creatures vanquished.

Notes
Turn   | Place    | Note
-------+----------+-------------------------------------------
     0 | Abyss:1  | bli the Formicid Abyssal Knight began the quest for the
                  | Orb.
     0 | Abyss:1  | Reached XP level 1. HP: 18/18 MP: 2/2
     0 | Abyss:1  | Found a corrupted altar of Lugonu.
   143 | Abyss:1  | Found a corrupted altar of Lugonu.
   156 | Abyss:1  | Noticed a neqoxec
   158 | Abyss:1  | Gained mutation: You are dopey. (Int -2) [a neqoxec]
   196 | Abyss:3  | Noticed a starcursed mass
   200 | D:1      | Escaped the Abyss
   428 | D:1      | Reached XP level 2. HP: 15/24 MP: 3/3
   749 | D:1      | Reached * piety under Lugonu
   904 | D:1      | Reached XP level 3. HP: 25/29 MP: 4/4
  1213 | D:2      | Reached skill level 3 in Maces & Flails
  1246 | D:2      | Reached skill level 1 in Dodging
  1525 | D:2      | Reached XP level 4. HP: 35/37 MP: 5/5
  1579 | D:2      | Reached ** piety under Lugonu
  2392 | D:3      | Reached XP level 5. HP: 29/42 MP: 6/6
  2690 | D:4      | Noticed Sigmund
  2695 | D:4      | Reached skill level 4 in Maces & Flails
  2819 | D:4      | Killed Sigmund
  2819 | D:4      | Reached skill level 5 in Maces & Flails
  2819 | D:4      | Reached skill level 1 in Stealth
  2819 | D:4      | Reached XP level 6. HP: 19/49 MP: 7/7
  3071 | D:4      | HP: 2/49 [orc/+0 trident (6)]
  3074 | D:4      | Reached XP level 7. HP: 2/55 MP: 8/8
  3074 | D:4      | Slain by an orc

Skill      XL: |  1  2  3  4  5  6 |
---------------+-------------------+-----
Maces & Flails | 3 5 |  5.6
Dodging        | 1 |  1.0
Fighting       | 4 |  4.6
Stealth        | 1 |  1.0
Armour         | 3 |  3.0
Invocations    | |  2.2

Action                   |  1- 3 |  4- 6 |  7- 9 || total
-------------------------+-------+-------+-------++-------
Melee: Mace              |   122 |     8 |       ||   130
       Whip              |       |   103 |       ||   103
Invok: Depart the Abyss  |     1 |       |       ||     1
  Use: Scroll            |       |     3 |       ||     3
  Eat: Chunk             |     2 |     5 |       ||     7
Armor: Leather armour    |    56 |    23 |       ||    79
Dodge: Dodged            |    78 |    55 |       ||   133
